 Dungeon Crawl Stone Soup version 0.17.0-15-g6d90897 (webtiles) character file.

22 septik the Insei (level 2, -3/18 HPs)
             Began as an Octopode Transmuter on Nov 10, 2015.
             Killed from afar by Jessica (10 damage)
             ... with a wand of flame
             ... on level 2 of the Dungeon.
             The game lasted 00:04:32 (870 turns).

septik the Insei (Octopode Transmuter)               Turns: 870, Time: 00:04:32

Health: -3/18      AC:  1    Str:  9    XL:     2   Next: 91%
Magic:  4/5        EV: 12    Int: 15    God:
Gold:   23         SH:  0    Dex: 12    Spells: 1 memorised, 4 levels left

rFire  . . .     SeeInvis +       - Unarmed
rCold  . . .     Clarity  .     (no shield)
rNeg   . . .     SustAt   .     (helmet restricted)
rPois  .         Gourm    .     (no amulet)
rElec  .         Spirit   .     k - ring of see invisible
rCorr  .         Warding  .     (no ring)
rMut   .         Stasis   .     (no ring)
MR     .....                    (no ring)
Stlth  ++........               (no ring)
                                (no ring)
                                (no ring)
                                (no ring)

@: appendage (expiring), not resistant to hostile enchantments, unstealthy
A: almost no armour, amphibious, 8 rings, constrict 8, tentacle spike 3,
camouflage 1, gelatinous body 1
a: End Transformation


You were on level 2 of the Dungeon.
You were not hungry.
One of your tentacles had a temporary spike.
You visited 1 branch of the dungeon, and saw 2 of its levels.

You collected 23 gold pieces.

Inventory:

Missiles
 a - 30 arrows
 h - 17 stones (quivered)
Jewellery
 k - a ring of see invisible (left tentacle)
Scrolls
 e - 2 scrolls of identify {unknown}
 g - a scroll of enchant armour {unknown}
 i - a scroll of immolation {unknown}
 l - 3 scrolls of noise {unknown}
 m - 2 scrolls of teleportation {unknown}
Potions
 j - a potion of agility {unknown}
 n - a potion of curing {unknown}
Books
 b - a book of Changes

   Spells                             Type                      Level
   a - Beastly Appendage              Transmutation                1
   b - Sticks to Snakes               Transmutation                2
   c - Spider Form                    Transmutation/Poison         3
   d - Ice Form                       Ice/Transmutation            4
   e - Blade Hands                    Transmutation                5
Comestibles
 c - 2 bread rations
 d - 7 fruits
 f - 2 chunks of flesh


   Skills:
 - Level 1.0 Fighting
 - Level 2.0 Dodging
 + Level 3.6 Unarmed Combat
 - Level 2.0 Spellcasting
 + Level 2.6 Transmutations


You had 4 spell levels left.
You knew the following spells:

 Your Spells              Type           Power        Failure   Level  Hunger
a - Beastly Appendage     Trmt           #.....       10%         1    #......


Dungeon Overview and Level Annotations

Branches:
Dungeon (2/15)

Altars:

Annotations:
D:2 Jessica


Innate Abilities, Weirdness & Mutations

You cannot wear most types of armour.
You are amphibious.
You can wear up to eight rings at the same time.
You can use your tentacles to constrict eight enemies at once.
Your skin changes colour to match your surroundings (Stealth).
Your rubbery body absorbs attacks (AC +1).
One of your tentacles bears a large vicious spike.


Message History

There is a stone staircase leading up here.
Things that are here:
a short sword; an inedible chunk of flesh You see here a hobgoblin skeleton.
A goblin comes into view. It is wielding a club.
You see here a stone.
Jessica the Apprentice Sorceress comes into view.
She is wielding a dagger of draining.
Jessica points at you and mumbles some strange words.
You resist with some effort.
Casting: Beastly Appendage
Confirm with . or Enter, or press ? or * to list all spells.
One of your tentacles grows a vicious spike.
Jessica casts a spell at you. Pain shoots through your body!
Ouch! That really hurt!
Your transformation is almost over.
Jessica zaps a wand.
The puff of flame hits you!
Ouch! That really hurt!
You die...

.######.###.#.#.###
.........#..#.#..#
####.#####....#....
.. #...<#..... ...
#.##รท#.##..# ..
.........#.#.. ..####
#
#......###.#####.....
######. #.##@.......
#. #.##@..# ..
#......# ## #(#.#.##
#g....#...#
#.#########


You could see Jessica.

Vanquished Creatures
  2 bats (D:1)
  6 goblins (D:1)
  2 hobgoblins
  6 giant newts (D:1)
  5 kobolds
  2 rats
23 creatures vanquished.

Notes
Turn   | Place    | Note
--------------------------------------------------------------
     0 | D:1      | septik the Octopode Transmuter began the quest for the Orb.
     0 | D:1      | Reached XP level 1. HP: 13/13 MP: 3/3
   104 | D:1      | Reached XP level 2. HP: 5/18 MP: 3/5
   868 | D:2      | Noticed Jessica
   870 | D:2      | Killed from afar by Jessica

Action                   || total
-------------------------++-------
Melee: Unarmed           ||    45
Throw: Stone             ||     4
 Cast: Beastly Appendage ||    13
